AoeStats
← Diego Fields

Arena

510252789Analyzed
1v1 RM · 7h ago on Sep 30, 2026· 49m 28s· 2 players
Game mode
Random Map
Map size
Tiny (2 player)
Population
200
Speed
Normal
Resources
Standard
Victory
Conquest
Starting age
Dark Age
Ending age
Imperial Age
RankedLock teamsTeams togetherTeam positionsShared explorationLock speedFull tech treeHidden civsTurbo modeCheats
Victory
Defeat
🇲🇽 Poles · Mexico
817
+15
🇲🇽 Cumans · Mexico
795
-15
[oMXo]Gabobrice
0:59 Loom
13:19 Feudal Age
13:58 Double-Bit Axe
13:56 Horse Collar
20:58 Wheelbarrow
20:44 Fletching
21:02 Gold Mining
21:02 Stone Mining
21:52 Town Watch
24:48 Castle Age
23:23 Bloodlines
24:09 Padded Archer Armor
25:46 Heavy Plow
26:11 Light Cavalry
26:23 Elite Skirmisher
27:26 Ballistics
27:32 Bow Saw
27:49 Steppe Husbandry
28:18 Murder Holes
31:07 Capped Ram
32:13 Hand Cart
33:38 Bodkin Arrow
37:36 Imperial Age
36:39 Forging
36:36 Scale Barding Armor
37:56 Iron Casting
39:35 Two-Man Saw
46:04 Conscription
45:51 Elite Kipchak
47:01 Cuman Mercenaries
Diego Fields
11:04 Feudal Age
11:41 Stone Mining
17:10 Castle Age
18:24 Double-Bit Axe
20:24 Bow Saw
21:49 Fletching
23:43 Town Watch
23:44 Loom
26:51 Horse Collar
31:06 Szlachta Privileges
31:30 Murder Holes
31:16 Treadmill Crane
31:58 Ballistics
31:58 Bloodlines
31:48 Husbandry
32:24 Husbandry
32:38 Scale Barding Armor
32:34 Scale Mail Armor
33:52 Wheelbarrow
33:17 Town Patrol
34:14 Chain Mail Armor
35:18 Hand Cart
36:11 Chain Barding Armor
36:04 Forging
39:45 Imperial Age
37:15 Bodkin Arrow
37:20 Padded Archer Armor
37:34 Masonry
37:35 Fortified Wall
40:51 Imperial Age
38:59 Iron Casting
41:59 Bracer
42:30 Plate Mail Armor
42:15 Leather Archer Armor
43:01 Blast Furnace
43:03 Chemistry
42:08 Siege Engineers
41:50 Cavalier
44:39 Heavy Plow
46:24 Conscription
47:54 Chemistry
47:13 Siege Engineers
Connection lost

Rejoining the realm…

Still unreachable

The connection could not be restored.

Session expired

The server has moved on; the page needs a fresh start.